 Dungeon Crawl Stone Soup version 0.29.1-2-gbd0b4ee654 (webtiles) character file.

Game seed: 3772899303479788471

823 raph the Spear-Bearer (level 7, 0/52 HPs)
             Began as a Merfolk Berserker on Nov 6, 2022.
             Was a Believer of Trog.
             Slain by a gnoll
             ... wielding a +3 long sword
              (3 damage)
             ... on level 5 of the Dungeon.
             The game lasted 00:06:19 (5875 turns).

raph the Spear-Bearer (Merfolk Berserker)           Turns: 5875, Time: 00:06:20

Health: 0/52       AC:  9    Str: 17    XL:     7   Next: 96%
Magic:  7/7        EV: 11    Int:  7    God:    Trog [**....]
Gold:   80         SH:  0    Dex: 15    Spells: 6/6 levels left

rFire   . . .      SeeInvis .   a - +0 spear
rCold   . . .      Faith    +   (no shield)
rNeg    . . .      Spirit   .   u - +2 ring mail {rPois}
rPois   +          Reflect  .   (no helmet)
rElec   .          Harm     .   x - +0 cloak
rCorr   .          Rampage  .   i - +0 pair of gloves
Will    .....                   (no boots)
Stlth   +.........              g - amulet of faith
HPRegen 0.17/turn               (no ring)
MPRegen 0.10/turn               (no ring)

@: on berserk cooldown, slowed, very slow
A: (nimble swimmer 2), mertail
a: Renounce Religion, Berserk, Trog's Hand


You were on level 5 of the Dungeon.
You worshipped Trog.
Trog was pleased with you.
You visited 1 branch of the dungeon, and saw 5 of its levels.
You also visited: Sewer.

You collected 134 gold pieces.
You spent 54 gold pieces at shops.

Inventory:

Hand Weapons
 a - a +0 spear (weapon)
Missiles
 e - 4 silver javelins (quivered)
 l - 6 poisoned darts
 n - 2 javelins
Armour
 b - a +0 troll leather armour {Pargi}
 c - a +2 leather armour of cold resistance
 i - a +0 pair of gloves (worn)
 u - a +2 ring mail of poison resistance (worn)
 x - a +0 cloak (worn)
Jewellery
 g - an amulet of faith (around neck)
 k - a ring of ice
Wands
 q - a wand of flame (24)
 w - a wand of roots (13)
Scrolls
 d - a scroll of teleportation
 h - a scroll of poison
Potions
 f - a potion of magic
 j - 3 potions of heal wounds
 m - 2 potions of attraction
 o - 6 potions of curing
 p - a potion of flight
 r - 3 potions of cancellation
 s - a potion of might
 t - a potion of lignification {unknown}
 z - a potion of berserk rage {unknown}


   Skills:
 - Level 3.2 Fighting
 + Level 11.9 Polearms
 - Level 1.3 Armour
 - Level 2.6 Dodging


You had 6 spell levels left.
You didn't know any spells.
Your spell library was empty.

Dungeon Overview and Level Annotations

Branches:
Dungeon (5/15)              Sewer (visited)
 Temple: D:4-7

Altars:
Dithmenos
Sif Muna
Xom
The Shining One

Shops:
D:1 [


Innate Abilities, Weirdness & Mutations

((You are very nimble when in or above water. (Stealth+, EV+, Speed+++)))
Your lower body shifts to a powerful aquatic tail in water.


Message History

The gnoll throws a stone.
The stone hits you but does no damage.
You feel a strong urge to attack something.
The gnoll shouts!
Things that are here:
a +0 halberd; 14 gold pieces; a gnoll corpse You feel your anger nearly subside.
You are no longer berserk.
You are exhausted.
You feel yourself slow down.
You hit the gnoll but do no damage. The gnoll hits you with a +0 flail!
You hit the gnoll but do no damage. The gnoll hits you with a +0 flail.
The gnoll hits you with a +3 long sword!
You hit the gnoll but do no damage. You barely miss the gnoll.
The gnoll hits you with a +3 long sword.
The gnoll closely misses you.
You hit the gnoll.
The gnoll is lightly wounded.
The gnoll hits you with a +3 long sword.
The gnoll hits you with a +0 flail.
You are too injured to fight recklessly!
You are too injured to fight recklessly!
You are too injured to fight recklessly!
You are too injured to fight recklessly!
You are too injured to fight recklessly!
You are too injured to fight recklessly!
There are monsters nearby!
The gnoll attacks as you move away! The gnoll barely misses you.
The gnoll attacks as you move away! The gnoll misses you.
The gnoll hits you with a +0 flail.
* * * LOW HITPOINT WARNING * * *
The gnoll hits you with a +3 long sword!
* * * LOW HITPOINT WARNING * * *
Things that are here:
a +0 halberd; 14 gold pieces; a gnoll corpse
As you read the scroll of butterflies, it crumbles to dust.
You hear the tinkle of a tiny bell.
The gnoll barely misses you. The gnoll hits you but does no damage.
The gnoll attacks as you move away!
The gnoll hits you with a +3 long sword.
You die...

....# #+####....##..
#...# ....##....##†.
##...# ..............
#....# ..............
#....# ..............
####...# ######..######
#....b.###..###..######
##..bgg.b#..#........#
#..bb@bb#..#........#
#...b.bb#..#######'###
#..bbbb.#..##...##....
#.......#........#....
##.....###'##....†....
#......##..##....#....
#..........##.......##
#..........##..######
#..........#....


You could see 2 gnolls.

Vanquished Creatures
  Duvessa (D:4)
  Pargi (Sewer)
  2 ogres
  A necrophage (D:5)
  A scorpion (D:5)
  Dowan (D:4)
  A crimson imp (D:3)
  2 hounds (D:4)
  Crazy Yiuf (D:5)
  Ijyb (D:4)
  2 gnolls (D:5)
  3 adders
  A worm (D:3)
  2 dart slugs
  2 orcs
  11 bats
  5 endoplasms
  3 giant cockroaches
  10 goblins
  5 hobgoblins
  3 jackals (D:1)
  A quokka (D:3)
  7 ball pythons
  8 frilled lizards
  A goblin skeleton (D:3)
  A goblin zombie (D:3)
  A hobgoblin zombie (D:3)
  5 kobolds
  A kobold skeleton (D:3)
  A kobold zombie (D:3)
  2 orc zombies (D:3)
  5 rats
92 creatures vanquished.

Notes
Turn   | Place    | Note
-------+----------+-------------------------------------------
     0 | D:1      | raph the Merfolk Berserker began the quest for the Orb.
     0 | D:1      | Reached XP level 1. HP: 18/18 MP: 1/1
   224 | D:1      | Reached XP level 2. HP: 24/24 MP: 2/2
   395 | D:1      | Reached skill level 5 in Polearms
   429 | D:1      | Found Yhil's Armour Shop.
   716 | D:1      | Found a faded altar of an unknown god.
   735 | D:1      | Reached XP level 3. HP: 29/29 MP: 3/3
  1017 | D:2      | Reached ** piety under Trog
  1397 | D:2      | Reached skill level 6 in Polearms
  1741 | D:2      | Found a glowing golden altar of the Shining One.
  2265 | D:3      | Reached XP level 4. HP: 35/35 MP: 4/4
  2512 | D:3      | Noticed an ogre
  2526 | D:3      | Killed an ogre
  2527 | D:3      | Reached skill level 7 in Polearms
  2527 | D:3      | Reached XP level 5. HP: 41/41 MP: 5/5
  2650 | D:3      | Found a glowing golden altar of the Shining One.
  2694 | D:3      | Reached skill level 8 in Polearms
  3402 | D:4      | Reached XP level 6. HP: 45/47 MP: 6/6
  3625 | D:4      | Found a shadowy altar of Dithmenos.
  3903 | D:1      | Bought a +0 pair of gloves for 54 gold pieces
  3987 | D:4      | Found a glowing drain.
  3995 | D:4      | Reached skill level 9 in Polearms
  4000 | Sewer    | Entered a sewer
  4061 | Sewer    | Noticed Pargi
  4107 | Sewer    | Killed Pargi
  4366 | D:4      | Found a shimmering altar of Xom.
  4366 | D:4      | Found a shimmering blue altar of Sif Muna.
  4591 | D:4      | Noticed Duvessa
  4591 | D:4      | Noticed Dowan
  4605 | D:4      | Killed Dowan
  4606 | D:4      | Reached skill level 10 in Polearms
  4606 | D:4      | Reached XP level 7. HP: 52/52 MP: 7/7
  4860 | D:4      | Noticed Ijyb
  4876 | D:4      | Killed Duvessa
  4887 | D:4      | Killed Ijyb
  5433 | D:5      | Entered Level 5 of the Dungeon
  5446 | D:5      | Reached skill level 11 in Polearms
  5770 | D:5      | Found a runed translucent door.
  5771 | D:5      | Noticed Crazy Yiuf
  5781 | D:5      | Killed Crazy Yiuf
  5875 | D:5      | Slain by a gnoll

Illustrated notes

Levels and vault maps discovered:
D:1:      dpeg_arrival_short_road, layout_basic, serial_shops, shop_fountains,
          hellmonk_ecumenical_altar_inner_sanctum
D:2:      layout_basic, basic_altar, minmay_liquid_box,
          kennysheep_pointless_box, st_stairs_8
D:3:      layout_loops_ring, nicolae_tso_besieged_by_evil, bh_walls_and_bars
D:4:      kennysheep_the_goblin_king, layout_loops_corners,
          nicolae_dithmenos_the_darkroom, gammafunk_temple_overflow_statue,
          portal_sewer_entry_d, minmay_misc_feat_room, st_stairs_3, uniq_duvessa
D:5:      layout_gridville, uniq_crazy_yiuf_cottage

Skill      XL: |  1  2  3  4  5  6  7 |
---------------+----------------------+-----
Polearms       | 5 6 7 8 10 11 | 11.9
Fighting       | |  3.2
Armour         | |  1.3
Dodging        | |  2.6

Action                   |  1- 3 |  4- 6 |  7- 9 || total
-------------------------+-------+-------+-------++-------
Melee: Spear             |   168 |   154 |   101 ||   423
       Punch             |     2 |     3 |     2 ||     7
       Tailslap          |       |     3 |       ||     3
Throw: Dart              |       |     4 |       ||     4
Invok: Berserk           |     2 |     4 |     4 ||    10
       Trog's Hand       |       |     2 |       ||     2
  Use: Scroll            |       |    10 |     5 ||    15
 Stab: Sleeping          |     1 |     1 |       ||     2
Armor: Leather armour    |    34 |    47 |     5 ||    86
       Ring mail         |       |       |     5 ||     5
Dodge: Dodged            |    81 |    61 |    29 ||   171
